 Dungeon Crawl Stone Soup version 0.24.0-2-g5b39cebb1c (webtiles) character file.

Game seed: 2161389977407142016, levelgen mode: deterministic

10312 Granthy the Spear-Bearer (level 11, -8/95 HPs)
             Began as a Merfolk Gladiator on Oct 31, 2019.
             Was a High Priest of Okawaru.
             Mangled by a slime creature (15 damage)
             ... on level 14 of the Dungeon.
             The game lasted 00:51:13 (14273 turns).

Granthy the Spear-Bearer (Merfolk Gladiator)       Turns: 14273, Time: 00:51:14

Health: -8/95      AC: 14    Str: 18    XL:     11   Next: 60%
Magic:  10/10      EV:  6    Int:  7    God:    Okawaru [*****.]
Gold:   582        SH: 11    Dex: 16    Spells: 10/10 levels left

rFire    . . .     SeeInvis .   a - +1 trident
rCold    . . .     Gourm    .   K - +0 shield
rNeg     + . .     Faith    .   j - +0 plate armour
rPois    .         Spirit   .   c - +0 helmet
rElec    .         Reflect  .   (no cloak)
rCorr    .         Harm     .   N - +0 pair of gloves
MR       .....                  (no boots)
Stlth    ..........             (no amulet)
HPRegen  0.65/turn              z - ring of positive energy
MPRegen  0.12/turn              D - ring of flight

@: no status effects
A: change form in water, swift swim, stealthy swim, low mp 1, mutation
resistance 1, regeneration 1
a: Heroism, Finesse, Renounce Religion, Evoke Flight


You were on level 14 of the Dungeon.
You worshipped Okawaru.
Okawaru was extremely pleased with you.
You were very hungry.

You visited 2 branches of the dungeon, and saw 13 of its levels.

You collected 708 gold pieces.
You spent 126 gold pieces at shops.

Inventory:

Hand Weapons
 a - a +1 trident (weapon)
 o - a +1 spear of freezing
 H - a +0 trident
Missiles
 d - 5 throwing nets
 l - 48 poisoned darts
 p - 7 silver javelins (quivered)
 s - 4 javelins
Armour
 c - a +0 helmet (worn)
 j - a +0 plate armour (worn)
 F - +0 ice dragon scales
 K - a +0 shield (worn)
 N - a +0 pair of gloves (worn)
Jewellery
 z - a ring of positive energy (left hand)
 D - a ring of flight (right hand)
Wands
 w - a wand of random effects (23)
 A - a wand of digging (8)
 G - a wand of disintegration (17)
 I - a wand of polymorph (22)
Scrolls
 b - a scroll of identify
 e - 2 scrolls of enchant armour
 g - 3 scrolls of amnesia
 h - a scroll of fog
 i - a scroll of fear
 m - 2 scrolls of remove curse
 v - a scroll of enchant weapon
Potions
 k - a potion of brilliance
 n - 8 potions of curing
 u - a potion of resistance
 x - a potion of magic
Comestibles
 f - 10 rations


   Skills:
 + Level 11.8 Fighting
 - Level 14.0 Polearms
 - Level 2.0 Throwing
 + Level 4.9 Armour
 - Level 4.6 Dodging
 * Level 7.8 Shields
 - Level 1.0 Invocations


You had 10 spell levels left.
You didn't know any spells.
Your spell library contained the following spells:

 Spells                   Type           Power        Failure   Level  Hunger
 Confusing Touch          Hex            #.....       100%        1    ##.....
 Magic Dart               Conj           #...         100%        1    ##.....
 Summon Small Mammal      Summ           #...         100%        1    ##.....
 Call Imp                 Summ           #.......     100%        2    ###....
 Searing Ray              Conj           #.....       100%        2    ###....
 Call Canine Familiar     Summ           #.......     100%        3    ####...
 Confuse                  Hex            #.......     100%        3    ####...
 Dazzling Spray           Conj/Hex       #.....       100%        3    ####...
 Gell's Gravitas          Tloc           #.........   100%        3    ####...
 Summon Guardian Golem    Hex/Summ       #.......     100%        3    ####...
 Force Lance              Conj/Tloc      #.......     100%        4    #####..
 Fulminant Prism          Conj/Hex       #.........   100%        4    #####..
 Iskenderun's Mystic Bla  Conj           #.......     100%        4    #####..
 Petrify                  Tmut/Erth      #.......     100%        4    #####..
 Summon Ice Beast         Ice/Summ       #.......     100%        4    #####..
 Summon Lightning Spire   Summ/Air       #.......     100%        4    #####..
 Metabolic Englaciation   Hex/Ice        #.........   100%        5    ######.
 Yara's Violent Unravell  Hex/Tmut       #.........   100%        5    ######.


Dungeon Overview and Level Annotations

Branches:
Dungeon (10/15)            Temple (1/1) D:5            Lair (0/6) D:9
    Orc: D:9-12

Altars:
Ashenzari
Cheibriados
Dithmenos
Elyvilon
Fedhas
Hepliaklqana
Kikubaaqudgha
Makhleb
Nemelex Xobeh
Okawaru
Qazlal
Ru
Sif Muna
Trog
Uskayaw
Vehumet
Wu Jian
Xom
Yredelemnul
Zin
The Shining One

Shops:
D:6 :=(%[   D:9 %


Innate Abilities, Weirdness & Mutations

You revert to your normal form in water.
You are very nimble and swift while swimming.
You are very stealthy in the water. (Stealth+)
Your magical capacity is low. (-10% MP)
You are somewhat resistant to further mutation.
Your natural rate of healing is unusually fast.


Message History

You block the slime creature's attack.
You hit the large slime creature.
The large slime creature is heavily wounded.
You block the large slime creature's attack.
You hit the large slime creature but do no damage.
The large slime creature is heavily wounded.
The slime creature hits you! The large slime creature hits you!
You puncture the large slime creature!
The large slime creature is severely wounded.
The slime creature hits you.
You hit the large slime creature.
The large slime creature is severely wounded.
The large slime creature hits you! The slime creature hits you.
You puncture the large slime creature!
The large slime creature is severely wounded.
The large slime creature hits you!!
* * * LOW HITPOINT WARNING * * *
You block the slime creature's attack. The slime creature hits you!
You die...

..........
#####..........
#...+..........
#...#..........
#...#..........
#..@#.......... .
#..J#......... ...
#..J'.....#
....#####.....#
..............+
..............#
...!..........#
................).
....###########....


You could see a large slime creature and a slime creature.

Vanquished Creatures
  Gastronok (D:8)
  Harold (D:9)
  A two-headed ogre (D:8)
  Pikel (D:6)
  2 trolls (D:9)
  Grinder (D:3)
  3 hippogriffs
  Sigmund (D:5)
  3 yaks (D:12)
  A wyvern (D:10)
  Grum (D:8)
  Menkaure (D:5)
  3 wargs (D:9)
  2 water moccasins
  2 ice beasts
  3 orc warriors
  2 sky beasts
  A hornet zombie (D:6)
  A necrophage (D:10)
  A black bear (D:8)
  4 phantoms
  4 ogres
  3 wolves
  3 centaurs
  A bullfrog (D:4)
  A big kobold (D:8)
  2 gnoll sergeants
  A wyvern zombie (D:6)
  A wyvern skeleton (D:14)
  2 water moccasin skeletons
  3 scorpions
  5 wights (D:8)
  5 howler monkeys
  A crimson imp (D:8)
  A bullfrog zombie (D:9)
  A gnoll shaman (D:4)
  7 orc priests
  3 hounds
  9 orc wizards
  Jessica (D:2)
  An iguana (D:8)
  Natasha (thrice) (D:3)
  9 worker ants
  A killer bee zombie (D:8)
  A hound zombie (D:10)
  A hound skeleton (D:5)
  10 gnolls
  4 adders
  2 shadow imps
  An ooze (D:4)
  2 adder zombies
  An adder skeleton (D:8)
  A worm (D:3)
  2 dart slugs (D:1)
  2 leopard geckos
  33 orcs
  2 ball pythons
  5 giant cockroaches
  6 goblins
  3 hobgoblins
  2 jackals (D:1)
  4 quokkas
  6 bats
  4 frilled lizards
  A jackal skeleton (D:8)
  17 kobolds
  A leopard gecko zombie (D:8)
  2 quokka skeletons (D:4)
  6 rats
223 creatures vanquished.

Vanquished Creatures (others)
  A slave (D:6)
1 creature vanquished.

Grand Total: 224 creatures vanquished

Notes
Turn   | Place    | Note
-------+----------+-------------------------------------------
     0 | D:1      | Granthy the Merfolk Gladiator began the quest for the Orb.
     0 | D:1      | Reached XP level 1. HP: 16/16 MP: 1/1
   193 | D:1      | Reached XP level 2. HP: 22/22 MP: 2/2
   726 | D:1      | Reached skill level 5 in Polearms
   896 | D:2      | Reached XP level 3. HP: 28/28 MP: 3/3
   965 | D:2      | Noticed Jessica
   980 | D:2      | Killed Jessica
   980 | D:2      | Reached skill level 6 in Polearms
   980 | D:2      | Reached XP level 4. HP: 34/34 MP: 4/4
  1898 | D:3      | Found a shimmering blue altar of Sif Muna.
  1913 | D:3      | Reached skill level 7 in Polearms
  1919 | D:3      | Reached XP level 5. HP: 26/41 MP: 5/5
  1929 | D:3      | Identified Sif Muna's Tome of Beguiling
  2171 | D:3      | Noticed Natasha
  2180 | D:3      | Killed Natasha
  2300 | D:3      | Noticed Grinder
  2383 | D:4      | Reached skill level 8 in Polearms
  2383 | D:4      | Reached XP level 6. HP: 29/47 MP: 6/6
  2509 | D:4      | Reached skill level 9 in Polearms
  2719 | D:4      | Found a glowing golden altar of the Shining One.
  2921 | D:4      | Reached XP level 7. HP: 16/54 MP: 7/7
  3256 | D:4      | Reached skill level 10 in Polearms
  4073 | D:5      | Entered Level 5 of the Dungeon
  4364 | D:5      | Found a staircase to the Ecumenical Temple.
  4371 | Temple   | Entered the Ecumenical Temple
  4409 | Temple   | Became a worshipper of Warmaster Okawaru
  4559 | D:5      | Found a bloodstained altar of Trog.
  4591 | D:5      | Noticed Sigmund
  4603 | D:5      | Killed Sigmund
  4603 | D:5      | Reached skill level 5 in Fighting
  4603 | D:5      | Reached skill level 11 in Polearms
  4603 | D:5      | Reached XP level 8. HP: 62/62 MP: 8/8
  4898 | D:5      | Noticed Menkaure
  4911 | D:5      | Killed Menkaure
  5121 | D:5      | Reached skill level 12 in Polearms
  5537 | D:5      | Reached * piety under Okawaru
  5537 | D:5      | Reached skill level 13 in Polearms
  5923 | D:3      | Killed Grinder
  5923 | D:3      | Reached XP level 9. HP: 54/69 MP: 9/9
  6089 | D:3      | Noticed Natasha
  6102 | D:3      | Killed Natasha
  6102 | D:3      | Reached skill level 14 in Polearms
  6376 | D:3      | Noticed Natasha
  6383 | D:3      | Killed Natasha
  6775 | D:6      | Found Higit's Antique Weapon Boutique.
  6986 | D:6      | Found Oqaek's Jewellery Boutique.
  7159 | D:6      | Found Yjuno's Book Shoppe.
  7446 | D:6      | Found Ruocatoq's Food Shoppe.
  7514 | D:6      | Noticed Pikel
  7566 | D:6      | Killed Pikel
  7566 | D:6      | Reached ** piety under Okawaru
  7606 | D:6      | Found Gobbit's Armour Emporium.
  7652 | D:6      | Bought a +0 buckler for 63 gold pieces
  7652 | D:6      | Bought a +0 pair of gloves for 63 gold pieces
  7844 | D:6      | Found a glowing silver altar of Zin.
  7844 | D:6      | Noticed an angel
  8033 | D:7      | Reached skill level 1 in Shields
  8178 | D:7      | Got a heavily runed leather armour
  8189 | D:7      | Identified the +3 leather armour "Toofroun" {+Inv Slay+3}
                  | (You found it on level 7 of the Dungeon)
  8455 | D:7      | Reached skill level 10 in Fighting
  8662 | D:7      | Found a blossoming altar of Fedhas.
  8708 | D:7      | Reached *** piety under Okawaru
  8708 | D:7      | Reached skill level 1 in Armour
  8708 | D:7      | Reached skill level 1 in Invocations
  8708 | D:7      | Reached XP level 10. HP: 59/85 MP: 10/10
  8866 | D:8      | Noticed a two-headed ogre
  8870 | D:8      | Noticed Grum
  9746 | D:9      | Found a sparkling altar of Nemelex Xobeh.
 10097 | D:9      | Found a staircase to the Lair.
 10141 | D:9      | Found Zoreav's Food Emporium.
 10319 | D:9      | Reached **** piety under Okawaru
 10749 | D:9      | Noticed an eight-headed hydra
 11137 | D:8      | Noticed Harold
 11156 | D:9      | Gained mutation: Your magical capacity is low. (-10% MP)
                  | [potion of mutation]
 11156 | D:9      | Gained mutation: Your magical capacity is very low. (-20%
                  | MP) [potion of mutation]
 11156 | D:9      | Gained mutation: You are clumsy. (Dex -2) [potion of
                  | mutation]
 11156 | D:9      | Gained mutation: Your natural rate of healing is unusually
                  | fast. [potion of mutation]
 11156 | D:9      | HP: 4/86 [Harold/+3 dire flail of holy wrath (2)]
 11169 | D:9      | Killed Harold
 11170 | D:9      | HP: 3/87 [wolf[Grum] (6)]
 11378 | D:9      | Lost mutation: You are clumsy. (Dex -2) [potion of
                  | mutation]
 11378 | D:9      | Lost mutation: Your magical capacity is very low. (-20% MP)
                  | [potion of mutation]
 11378 | D:9      | Lost mutation: Your magical capacity is low. (-10% MP)
                  | [potion of mutation]
 11378 | D:9      | Gained mutation: Your magical capacity is low. (-10% MP)
                  | [potion of mutation]
 11378 | D:9      | Gained mutation: You are somewhat resistant to further
                  | mutation. [potion of mutation]
 11512 | D:8      | Found an ancient bone altar of Kikubaaqudgha.
 11514 | D:8      | Found a stormy altar of Qazlal.
 11546 | D:8      | Killed Grum
 11553 | D:8      | Reached skill level 5 in Shields
 11570 | D:8      | Found a shattered altar of Ashenzari.
 11570 | D:8      | Found a bloodstained altar of Trog.
 11598 | D:8      | Killed a two-headed ogre
 11598 | D:8      | Reached XP level 11. HP: 51/93 MP: 7/10
 11694 | D:8      | Found a sparkling altar of Nemelex Xobeh.
 11723 | D:8      | Noticed Gastronok
 11750 | D:8      | Killed Gastronok
 11750 | D:8      | Received a gift from Okawaru
 13544 | D:10     | Entered Level 10 of the Dungeon
 13778 | D:10     | You fall into a shaft and drop 2 floors!
 13869 | D:12     | Noticed a two-headed ogre
 13909 | D:12     | Noticed a cyan ugly thing
 14020 | D:12     | You fall into a shaft and drop 2 floors!
 14020 | D:14     | Noticed a deep troll
 14020 | D:14     | Noticed a seven-headed hydra
 14051 | D:14     | Noticed a rakshasa
 14056 | D:14     | HP: 3/95 [rakshasa/orb of energy (25)]
 14066 | D:14     | Noticed an ettin
 14066 | D:14     | Noticed an ettin
 14078 | D:14     | Reached ***** piety under Okawaru
 14273 | D:14     | Mangled by a slime creature

Levels and vault maps discovered:
D:1:      wander_arrival_fairy_ring, layout_loops_corners
D:2:      layout_basic, uniq_jessica
D:3:      layout_basic, first_ration, led_sif_book, uniq_grinder, uniq_natasha
D:4:      layout_basic, tso_metal_star
D:5:      layout_gridville, minmay_temple_entry_statues_pillars, basic_altar,
          minivault_26, hangedman_decor_riveting, chequers_jeans, uniq_sigmund,
          uniq_menkaure
D:6:      layout_loops_cross, zin_angel, serial_shops, shop,
          nicolae_shop_behind_doors, shop, shop, shop, uniq_pikel
D:7:      layout_gridville, fedhas_altar_2
D:8:      layout_cave_pools, nicolae_overflow_hidden_temple, uniq_harold,
          uniq_grum, uniq_gastronok
D:9:      layout_basic, erik_lair_orcish_takeover, serial_shops,
          kennysheep_mini, basic_altar
D:10:     layout_basic, enter_trove_6, basic_altar, uniq_josephine
D:12:     layout_basic, serial_shops, nicolae_shop_crystal
D:14:     minmay_strange_plus, layout_irregular_city, uniq_roxanne
Temple:   regret_index_temple_waves

Skill      XL: |  1  2  3  4  5  6  7  8  9 10 11 |
---------------+----------------------------------+-----
Polearms       | 5 6 7 8 9 11 13 14 | 14.0
Fighting       | 3 4 5 6 10 11 | 11.8
Shields        | 1 5 7 |  7.8
Armour         | 1 4 |  4.9
Invocations    | 1 |  1.0
Throwing       | |  2.0
Dodging        | |  4.6

Action                   |  1- 3 |  4- 6 |  7- 9 | 10-12 || total
-------------------------+-------+-------+-------+-------++-------
Melee: Trident           |    86 |   155 |   512 |   539 ||  1292
       Tailslap          |       |       |     2 |       ||     2
Throw: Dart              |       |       |    22 |    20 ||    42
Invok: Heroism           |       |       |     2 |     8 ||    10
  Use: Scroll            |       |       |     6 |    10 ||    16
       Potion            |       |       |     1 |    11 ||    12
 Stab: Sleeping          |     1 |       |       |       ||     1
  Eat: Chunk             |       |     7 |    14 |    12 ||    33
       Ration            |       |       |     1 |     2 ||     3
Armor: Leather armour    |    15 |    17 |     1 |       ||    33
       Scale mail        |       |       |    63 |       ||    63
       Plate armour      |       |       |    87 |   212 ||   299
Dodge: Dodged            |    48 |    94 |   138 |    86 ||   366
Block: Buckler           |       |       |    10 |    13 ||    23
       Shield            |       |       |       |   211 ||   211
